 Dungeon Crawl Stone Soup version 0.22-a0-389-g8519d86 (webtiles) character file.

68953 raistware the Eclecticist (level 14, -5/85 HPs)
             Began as a Mummy Wizard on Apr 29, 2018.
             Was a High Priest of Sif Muna.
             Slain by a hornet (10 damage)
             ... on level 1 of the Swamp on Apr 30, 2018.
             The game lasted 04:00:07 (32607 turns).

raistware the Eclecticist (Mummy Wizard)           Turns: 32607, Time: 04:00:08

Health: -5/85      AC: 18    Str: 14    XL:     14   Next: 88%
Magic:  2/33       EV: 12    Int: 24    God:    Sif Muna [*****.]
Gold:   1143       SH:  0    Dex: 12    Spells: 5/44 levels left

rFire    + . .     SeeInvis .   x - +2 long sword (protect)
rCold    + . .     Gourm    .   (no shield)
rNeg     + + +     Faith    .   I - +3 leather armour {rF+}
rPois    ∞         Spirit   .   i - +2 hat {Int+3}
rElec    .         Reflect  .   o - +1 cloak {+Inv}
rCorr    .         Harm     .   (no gloves)
MR       +....                  g - +0 pair of boots
Stlth    ++........             y - amulet of magic regeneration
HPRegen  0.24/turn              D - +4 ring of strength
MPRegen  0.48/turn              d - ring of protection from fire

@: protection aura
A: no food or potions, fire vulnerability, cold resistance 1, negative energy
resistance 3, torment resistance, unbreathing, in touch with death 1
a: Divine Energy, Channel Magic, Forget Spell, Renounce Religion, Evoke
Invisibility


You were on level 1 of the Swamp.
You worshipped Sif Muna.
Sif Muna was extremely pleased with you.
You were not hungry.

You visited 5 branches of the dungeon, and saw 21 of its levels.
You also visited: Sewer, Ossuary and Volcano.

You collected 2229 gold pieces.
You spent 1086 gold pieces at shops.

Inventory:

Hand Weapons
 a - a +2 spear of venom
 p - a +0 blowgun
 x - a +2 long sword of protection (weapon)
Missiles
 f - 4 exploding tomahawks
 q - 77 poisoned needles
 r - 8 throwing nets (quivered)
 N - 5 tomahawks of returning
Armour
 g - a +0 pair of boots (worn)
 i - a +2 hat of intelligence (worn)
 o - a +1 cloak of invisibility (worn)
 C - a +2 robe of cold resistance
 E - the +2 pair of gloves of Adinot {rF++ rN++ MR-}
   (You found it on level 9 of the Dungeon)

   It greatly protects you from fire.
   It greatly protects you from negative energy.
   It affects your resistance to hostile enchantments.
 I - a +3 leather armour of fire resistance (worn)
 M - a +0 helmet of see invisible
 O - a +2 robe
 P - the +2 robe of Autumn {rF++}
   (You bought it in a shop on level 2 of the Orcish Mines)

   It greatly protects you from fire.
 R - a scarf of cloud immunity
Magical Staves
 m - an uncursed staff of summoning
 z - an uncursed staff of energy
 Q - an uncursed staff of fire
Jewellery
 b - an uncursed amulet of regeneration
 d - a ring of protection from fire (right hand)
 t - an uncursed ring of stealth
 w - an uncursed ring of protection from fire
 y - an amulet of magic regeneration (around neck)
 D - a +4 ring of strength (left hand)
 K - a cursed ring of teleportation
Wands
 j - a wand of iceblast (34)
 n - a wand of flame (13)
 s - a wand of acid (4)
 u - a wand of paralysis (12)
Scrolls
 c - 6 scrolls of identify
 e - 8 scrolls of remove curse
 h - 5 scrolls of teleportation
 k - 2 scrolls of noise
 v - 3 scrolls of amnesia
 A - 3 scrolls of magic mapping
 B - 4 scrolls of fear
 F - a scroll of torment
 G - a scroll of vulnerability
 J - a scroll of brand weapon
Miscellaneous
 H - a crystal ball of energy
 L - a phantom mirror


   Skills:
 - Level 4.0 Armour
 - Level 2.0 Dodging
 - Level 2.0 Stealth
 + Level 15.5 Spellcasting
 * Level 15.1 Conjurations
 - Level 6.0 Hexes
 - Level 1.0 Summonings
 - Level 1.0 Translocations
 + Level 8.5 Ice Magic
 - Level 4.0 Evocations


You had 5 spell levels left.
You knew the following spells:

 Your Spells              Type           Power        Failure   Level  Hunger
a - Magic Dart            Conj           ####         0%          1    N/A
b - Blink                 Tloc           N/A          3%          2    N/A
c - Call Imp              Summ           ###.....     3%          2    N/A
d - Conjure Flame         Conj/Fire      ######..     1%          3    N/A
e - Mephitic Cloud        Conj/Pois/Air  #####...     1%          3    N/A
f - Searing Ray           Conj           ######       0%          2    N/A
g - Dazzling Spray        Conj/Hex       ######       1%          3    N/A
h - Bolt of Cold          Conj/Ice       ######....   4%          6    N/A
i - Glaciate              Conj/Ice       ######....   100%        9    N/A
j - Sticky Flame          Conj/Fire      ######..     1%          4    N/A
k - Throw Icicle          Conj/Ice       ######..     1%          4    N/A

Dungeon Overview and Level Annotations

Branches:
Dungeon (11/15)            Temple (1/1) D:5            Lair (6/6) D:8
  Swamp (1/4) Lair:2        Snake (0/4) Lair:2        Slime (0/5) Lair:6
    Orc (2/2) D:11            Elf (0/3) Orc:2

Altars:
Ashenzari
Cheibriados
Dithmenos
Elyvilon
Fedhas
Gozag
Hepliaklqana
Kikubaaqudgha
Makhleb
Nemelex Xobeh
Okawaru
Qazlal
Ru
Sif Muna
Trog
Uskayaw
Vehumet
Wu Jian
Xom
Yredelemnul
Zin
The Shining One

Shops:
D:4 [   D:6 =   D:7 *   Orc:2 [*(:


Innate Abilities, Weirdness & Mutations

You do not eat or drink.
Your flesh is vulnerable to fire.
You are immune to poison.
Your flesh is cold resistant. (rC+)
You are immune to negative energy. (rN+++)
You are immune to unholy pain and torment.
You can survive without breathing.
You are in touch with the powers of death.


Message History

* * * LOW HITPOINT WARNING * * *
You hit the hornet but do no damage.
The hornet is moderately wounded.
The hornet burns!
The hornet stings you.
* * * LOW HITPOINT WARNING * * *
The hornet stings you but does no damage.
You hit the hornet but do no damage.
The hornet is heavily wounded.
The hornet burns!
The hornet stops burning.
The hornet stings you.
* * * LOW HITPOINT WARNING * * *
The hornet stings you!
* * * LOW HITPOINT WARNING * * *
Okay, then.
Evoke which item? (* to show all) (? for menu, Esc to quit)
Aiming: Iceblast
Press: ? - help, Shift-Dir - straight line, p - hornet The mass of ice explodes!
The iceblast engulfs the hornet.
The hornet is almost dead.
The hornet stings you!
You die...

.♣ ...≈≈≈..+.........≈≈≈..≈♣≈
≈.♣♣♣♣..≈....#...###..≈≈≈≈....
≈§..≈≈≈≈≈≈.....≈.....≈≈≈≈.≈...
≈...≈≈≈≈≈..≈y≈.≈.≈♣.≈≈≈≈≈≈.≈≈≈
.....≈.....≈yy........≈≈≈≈≈.≈.
....♣.≈≈≈..≈.♣♣.≈≈≈≈≈..≈≈.≈...
....|≈.≈...)♣♣.≈≈≈≈≈.≈≈≈....≈≈
.♣.....♣♣≈♣♣≈.≈≈≈≈≈≈.≈≈....≈≈
..≈≈♣♣..♣♣♣♣♣@y≈≈≈≈≈≈.≈.......
.♣ ♣♣.♣ ♣≈.†..≈........... ♣♣♣
♣♣..≈≈............
♣♣♣♣.≈......♣....
♣♣.≈......♣♣...
♣.≈.......♣♣♣†.
♣♣.≈......♣♣... ♣♣≈.≈.........
♣≈≈≈.........


You could see a hornet.

Vanquished Creatures
  Gastronok (Lair:1)
  2 orc warlords (Orc:2)
  An ettin (Orc:1)
  A red draconian (Volcano)
  Snorg (Lair:4)
  Josephine (D:11)
  5 hydras
  Harold (Lair:3)
  6 death yaks (Lair:4)
  4 alligators (Swamp:1)
  5 orc high priests (Orc:2)
  Nergalle (Lair:1)
  A salamander mystic (Volcano)
  A shambling mangrove (Swamp:1)
  Pikel (D:5)
  4 orc knights
  4 orc sorcerers (Orc:2)
  5 salamanders (Volcano)
  6 black mambas
  Joseph (Lair:1)
  9 elephants
  A centaur skeleton (D:10)
  9 spiny frogs
  A gargoyle (D:10)
  8 komodo dragons
  4 trolls
  7 tyrant leeches
  5 hornets
  Prince Ribbit (D:5)
  A bog body (Swamp:1)
  8 dream sheep (Lair:6)
  5 blink frogs (Lair:2)
  7 hippogriffs
  3 slime creatures (Lair:6)
  15 spriggans
  28 yaks
  3 wraiths (D:11)
  A basilisk (Lair:1)
  3 wyverns
  2 wargs (Orc:1)
  Menkaure (D:5)
  2 nagas
  3 swamp worms
  5 insubstantial wisps (Swamp:1)
  11 water moccasins
  13 porcupines
  10 black bears
  27 orc warriors
  2 sky beasts
  2 ice beasts
  2 slaves (D:5)
  A phantom (D:6)
  8 ogres
  5 boggarts (Lair:6)
  A necrophage (D:7)
  28 wolves
  5 centaurs
  10 crocodiles
  An elf zombie (Ossuary)
  15 bullfrogs
  8 big kobolds
  4 gnoll sergeants
  A scorpion (D:6)
  3 killer bees (D:9)
  2 electric eels
  A howler monkey (D:9)
  A crimson imp (D:10)
  A bullfrog zombie (D:10)
  4 hounds
  A human zombie (Ossuary)
  A bullfrog skeleton (D:6)
  2 jellies
  15 orc priests
  2 gnoll shamans
  19 orc wizards
  Ijyb (D:4)
  3 iguanas
  4 worker ants
  2 big kobold zombies (Ossuary)
  2 hound zombies
  A hound skeleton (D:5)
  3 mummies
  18 gnolls
  A howler monkey skeleton (D:5)
  A worker ant zombie (D:5)
  10 adders
  2 shadow imps
  3 oozes
  3 adder skeletons
  2 adder zombies
  A worm (D:4)
  3 dart slugs
  9 leopard geckos
  70 orcs
  11 giant cockroaches
  14 goblins
  10 hobgoblins
  7 jackals
  5 quokkas
  2 ball pythons (Sewer)
  12 bats
  10 frilled lizards
  6 gnoll zombies
  2 goblin zombies (Ossuary)
  2 hobgoblin zombies (Ossuary)
  A jackal skeleton (D:5)
  A jackal zombie (D:5)
  25 kobolds
  An orc zombie (Ossuary)
  10 rats
  A fungus (Lair:6)
649 creatures vanquished.

Vanquished Creatures (collateral kills)
  A killer bee (D:9)
  3 crimson imps
  A worker ant (D:6)
  Robin (D:3)
  An adder (D:5)
  A worm (D:3)
  4 orcs
  A giant cockroach (D:5)
  A gnoll zombie (D:9)
  A kobold (D:3)
  A frilled lizard (Sewer)
16 creatures vanquished.

Vanquished Creatures (others)
  A warg (Orc:1)
  2 orcs (Orc:1)
  26 fungi
  19 plants
48 creatures vanquished.

Grand Total: 713 creatures vanquished

Notes
Turn   | Place    | Note
-------+----------+-------------------------------------------
     0 | D:1      | raistware the Mummy Wizard began the quest for the Orb.
     0 | D:1      | Reached XP level 1. HP: 13/13 MP: 5/5
   233 | D:1      | Reached skill level 1 in Conjurations
   400 | D:1      | Reached XP level 2. HP: 19/19 MP: 4/7
  1157 | D:2      | Reached XP level 3. HP: 24/24 MP: 4/8
  1630 | D:2      | Learned a level 2 spell: Blink
  1633 | D:2      | Learned a level 2 spell: Call Imp
  1637 | D:2      | Learned a level 3 spell: Conjure Flame
  1641 | D:2      | Learned a level 3 spell: Mephitic Cloud
  1869 | D:2      | Reached XP level 4. HP: 27/30 MP: 4/10
  2468 | D:3      | Found a sparkling altar of Nemelex Xobeh.
  2913 | D:3      | Noticed Robin
  2997 | D:3      | Killed Robin
  2997 | D:3      | Reached skill level 5 in Spellcasting
  3257 | D:3      | Reached XP level 5. HP: 35/35 MP: 12/12
  3267 | D:3      | Found a burning altar of Makhleb.
  3267 | D:3      | Found a radiant altar of Vehumet.
  3731 | D:4      | Found Icsoetso's Armour Boutique.
  3734 | D:4      | Bought a +0 cloak of invisibility for 138 gold pieces
  3800 | D:4      | Found a sand-covered staircase.
  3804 | D:4      | Noticed Ijyb
  3823 | D:4      | Killed Ijyb
  3871 | Ossuary  | Entered an ossuary
  4004 | Ossuary  | Reached XP level 6. HP: 39/41 MP: 3/14
  4126 | Ossuary  | Reached skill level 1 in Evocations
  4729 | D:4      | Found a deep blue altar of Sif Muna.
  4732 | D:4      | Became a worshipper of Sif Muna the Loreminder
  5057 | D:4      | Reached XP level 7. HP: 42/46 MP: 5/16
  5416 | D:4      | Found a blossoming altar of Fedhas.
  5653 | D:4      | Learned a level 2 spell: Searing Ray
  5654 | D:5      | Entered Level 5 of the Dungeon
  5778 | D:5      | Noticed Prince Ribbit
  5783 | D:5      | Found an ornate altar of the Wu Jian Council.
  5799 | D:5      | Reached skill level 5 in Conjurations
  5858 | D:5      | Noticed Pikel
  6134 | D:5      | Killed Prince Ribbit
  6134 | D:5      | Reached * piety under Sif Muna
  6145 | D:5      | Found a glowing drain.
  6165 | D:5      | Reached XP level 8. HP: 30/52 MP: 13/18
  6180 | Sewer    | Entered a sewer
  6512 | Sewer    | Learned a level 3 spell: Dazzling Spray
  6842 | D:5      | Reached ** piety under Sif Muna
  6953 | D:5      | Found a staircase to the Ecumenical Temple.
  6966 | Temple   | Entered the Ecumenical Temple
  7151 | D:5      | Noticed Menkaure
  7159 | D:5      | Killed Menkaure
  7228 | D:5      | Killed Pikel
  7328 | D:6      | Reached XP level 9. HP: 57/57 MP: 21/21
  7457 | D:6      | Found Neniek's Jewellery Shoppe.
  7466 | D:6      | Bought a cursed ring of loudness for 54 gold pieces
  7470 | D:6      | Reached *** piety under Sif Muna
  7669 | D:6      | Reached skill level 1 in Hexes
  8429 | D:7      | Got a slimy helmet
  8430 | D:7      | Identified the cursed +0 helmet "Paptiny" {*Drain MR+ Int+2 Dex+2} (You found it on level 7 of the Dungeon)
  8813 | D:7      | Found a shadowy altar of Dithmenos.
  8813 | D:7      | Found a shimmering altar of Xom.
  8822 | D:7      | Found a hide-covered altar of Uskayaw.
  8840 | D:7      | Found Zin's Purification Station.
  8843 | D:7      | Found a glowing silver altar of Zin.
  9185 | D:8      | Reached **** piety under Sif Muna
 10096 | D:8      | Found a staircase to the Lair.
 10196 | D:9      | Reached skill level 10 in Spellcasting
 10197 | D:9      | Reached XP level 10. HP: 51/63 MP: 11/24
 10623 | D:9      | Reached ***** piety under Sif Muna
 10623 | D:9      | Identified Sif Muna's Compendium of the Frostbite and Conjuration (Sif Muna gifted it to you on level 9 of the Dungeon)
 10623 | D:9      | Received a gift from Sif Muna
 10699 | D:9      | Got a pair of jewelled gloves
 10711 | D:9      | Identified the +2 pair of gloves of Adinot {rF++ rN++ MR-} (You found it on level 9 of the Dungeon)
 10800 | D:9      | Reached skill level 10 in Conjurations
 11232 | D:9      | Reached skill level 5 in Hexes
 11699 | D:9      | Found a basalt altar of Yredelemnul.
 11729 | D:9      | Found a hazy altar of Hepliaklqana.
 11772 | D:10     | Entered Level 10 of the Dungeon
 11838 | D:10     | Learned a level 9 spell: Glaciate
 12315 | D:10     | Reached skill level 1 in Ice Magic
 12557 | D:10     | Reached XP level 11. HP: 68/68 MP: 23/26
 13001 | D:11     | Noticed Josephine
 13354 | D:11     | Killed Josephine
 13694 | D:11     | Found a staircase to the Orcish Mines.
 13724 | D:11     | Identified Sif Muna's Collected Works on Burning Conjuration (Sif Muna gifted it to you on level 11 of the Dungeon)
 13724 | D:11     | Received a gift from Sif Muna
 13767 | D:11     | Learned a level 6 spell: Bolt of Cold
 13907 | Lair:1   | Entered Level 1 of the Lair of Beasts
 14101 | Lair:1   | Reached skill level 1 in Summonings
 14271 | Lair:1   | Reached skill level 1 in Translocations
 14747 | Lair:1   | Noticed Nergalle
 14767 | Lair:1   | Killed Nergalle
 14891 | Lair:1   | Noticed Gastronok
 15017 | Lair:1   | Noticed Joseph
 15181 | Lair:1   | Killed Joseph
 15246 | Lair:1   | Killed Gastronok
 15246 | Lair:1   | Reached XP level 12. HP: 62/74 MP: 8/28
 15890 | Lair:2   | Found a staircase to the Swamp.
 16781 | Lair:2   | Found a staircase to the Snake Pit.
 17552 | Lair:2   | Identified Qenuol's Volume of Unstable Weightlessness (Sif Muna gifted it to you on level 2 of the Lair of Beasts)
 17552 | Lair:2   | Received a gift from Sif Muna
 18253 | Lair:3   | Noticed Harold
 18574 | Lair:3   | Killed Harold
 18574 | Lair:3   | Reached skill level 5 in Ice Magic
 19313 | Lair:4   | Got a transparent plate armour
 19314 | Lair:4   | Identified the cursed +1 plate armour of Coronation {rElec} (You found it on level 4 of the Lair of Beasts)
 19472 | Lair:4   | Noticed Snorg
 19481 | Lair:4   | Killed Snorg
 19933 | Lair:4   | Noticed a death yak
 19956 | Lair:4   | Killed a death yak
 20085 | Lair:4   | Noticed a death yak
 20093 | Lair:4   | Noticed a death yak
 20094 | Lair:4   | Noticed a death yak
 20239 | Lair:4   | Noticed a death yak
 20249 | Lair:4   | Noticed a death yak
 20249 | Lair:4   | Killed a death yak
 20255 | Lair:4   | Killed a death yak
 20258 | Lair:4   | Killed a death yak
 20260 | Lair:4   | Killed a death yak
 20260 | Lair:4   | Gained mutation: You are in touch with the powers of death. [Mummy growth]
 20260 | Lair:4   | Reached XP level 13. HP: 48/79 MP: 10/30
 20261 | Lair:4   | Identified Zoer's Grimoire of the Arsonist (Sif Muna gifted it to you on level 4 of the Lair of Beasts)
 20261 | Lair:4   | Received a gift from Sif Muna
 21041 | Lair:4   | Learned a level 4 spell: Sticky Flame
 22541 | Lair:6   | Entered Level 6 of the Lair of Beasts
 22621 | Lair:6   | Found a dark tunnel.
 22630 | Volcano  | Entered a volcano
 22636 | Volcano  | Learned a level 4 spell: Throw Icicle
 22687 | Volcano  | Noticed a red draconian
 22732 | Volcano  | Killed a red draconian
 23363 | Lair:6   | Found a staircase to the Slime Pits.
 23370 | Lair:6   | Reached skill level 1 in Armour
 23920 | Lair:6   | Received a gift from Sif Muna
 24645 | Lair:6   | Reached XP level 14. HP: 85/85 MP: 24/32
 26157 | D:4      | Bought a +0 helmet of see invisible for 138 gold pieces
 26293 | Orc:1    | Entered Level 1 of the Orcish Mines
 27086 | Orc:2    | Entered Level 2 of the Orcish Mines
 27556 | Orc:1    | Noticed an orc warlord
 27716 | Orc:2    | Identified Sif Muna's Tome of Conjuration (Sif Muna gifted it to you on level 2 of the Orcish Mines)
 27716 | Orc:2    | Received a gift from Sif Muna
 28707 | Orc:2    | Noticed an orc warlord
 29148 | Orc:2    | Killed an orc warlord
 29148 | Orc:2    | Reached skill level 15 in Spellcasting
 30473 | Orc:2    | Found Ebohemm's General Store.
 30474 | Orc:2    | Found Hiclaopn's Book Boutique.
 30475 | Orc:2    | Found Vusoopne's Antique Armour Shop.
 30475 | Orc:2    | Found Rathreole's Antique Weapon Shop.
 30489 | Orc:2    | Bought the +2 robe of Autumn {rF++} for 492 gold pieces
 30745 | Orc:2    | Found a staircase to the Elven Halls.
 30909 | Orc:2    | Bought a runed scarf for 264 gold pieces
 31101 | Orc:2    | Killed an orc warlord
 31171 | Orc:1    | Noticed a stone giant
 31769 | Orc:1    | Upgraded the game from 0.22-a0-388-g09e6169 to 0.22-a0-389-g8519d86
 31945 | Swamp:1  | Entered Level 1 of the Swamp
 32203 | Swamp:1  | Reached skill level 15 in Conjurations
 32445 | Swamp:1  | Received a gift from Sif Muna
 32606 | Swamp:1  | HP: 4/85 [hornet (14)]
 32607 | Swamp:1  | Slain by a hornet

Vault maps used:
D:1:      saegor_arrival_simple_b
D:2:      first_ration
D:3:      grunt_temple_overflow_lords_of_destruction, lemuel_round_altar,
          uniq_robin
D:4:      old_standard_altar, gup_ossuary_entry_pyramid, serial_shops, shop,
          lemuel_blue_sif_altar, uniq_ijyb
D:5:      kennysheep_mini_moat, minmay_temple_entry_statues_fountains,
          serial_undead, serial_undead_f, serial_undead_c, serial_undead_d,
          serial_undead_b, gup_sewer_entry_glass, uniq_pikel, uniq_menkaure,
          uniq_prince_ribbit1
D:6:      serial_shops, shop_statue
D:7:      zin_purify, grunt_temple_overflow_open
D:8:      lair_entry_dummy
D:9:      marbit_many_paths, lemuel_zombie_altar_yredelemnul, the_bakery
D:10:     kb_lookout_dungeons_type
D:11:     kennysheep_orc_monster_closet_entryway, special_room, uniq_josephine
Temple:   compressed_dpeg_circular_temple
Lair:1:   nicolae_quartered_pool_medium, grunt_megastairs_1, uniq_nergalle,
          uniq_joseph, uniq_gastronok
Lair:2:   minmay_swamp_entry_worms, guppyfry_snake_entry_garden
Lair:3:   uniq_harold
Lair:4:   lemuel_fruit_fields, uniq_snorg
Lair:6:   minmay_lair_end_enchanted_forest, minmay_slime_entry_pillars,
          lightli_volcano_entry_magma_tube, serial_bayou_shore_a
Swamp:1:  hangedman_swamp_ruin_hall, swamp_pool3, nicolae_swamp_round_clearing
Orc:2:    st_orc_congregation
Sewer:    kennysheep_pipe_town
Ossuary:  minmay_ossuary_gauntlet
Volcano:  volcano_pools

Skill      XL: |  1  2  3  4  5  6  7  8  9 10 11 12 13 14 |
---------------+-------------------------------------------+-----
Conjurations   | 1 2 3 4 5 7 9 10 11 13 14 15 | 15.1
Stealth        | 2 |  2.0
Dodging        | 2 |  2.0
Spellcasting   | 5 6 7 8 10 11 12 13 14 15 | 15.5
Evocations     | 1 2 3 4 |  4.0
Hexes          | 3 5 6 |  6.0
Ice Magic      | 1 3 6 7 8 |  8.5
Summonings     | 1 |  1.0
Translocations | 1 |  1.0
Armour         | 3 4 |  4.0

Action                   |  1- 3 |  4- 6 |  7- 9 | 10-12 | 13-15 || total
-------------------------+-------+-------+-------+-------+-------++-------
Melee: Short sword       |     8 |       |       |       |       ||     8
       Dagger            |    51 |   107 |   153 |       |     2 ||   313
       Long sword        |       |       |    63 |    84 |    61 ||   208
       Spear             |       |       |       |    58 |       ||    58
 Cast: Magic Dart        |    90 |   136 |   192 |   185 |   101 ||   704
       Conjure Flame     |       |    16 |    31 |    88 |    53 ||   188
       Call Imp          |       |     8 |    17 |    10 |    12 ||    47
       Mephitic Cloud    |       |     2 |    14 |    24 |     7 ||    47
       Dazzling Spray    |       |       |    29 |    25 |     1 ||    55
       Searing Ray       |       |       |    14 |    45 |    17 ||    76
       Bolt of Cold      |       |       |       |    80 |    76 ||   156
       Throw Icicle      |       |       |       |       |   245 ||   245
       Sticky Flame      |       |       |       |       |    78 ||    78
       Blink             |       |       |       |       |     3 ||     3
 Abil: Evoke Invisibilit |       |       |       |     1 |    23 ||    24
Evoke: Wand              |       |       |       |     2 |    13 ||    15
  Use: Scroll            |       |     7 |     2 |    13 |    10 ||    32
 Stab: Sleeping          |       |     5 |     1 |       |       ||     6
       Confused          |       |     1 |     2 |     2 |       ||     5
       Invisible         |       |       |     3 |     1 |       ||     4
       Paralysed         |       |       |       |     4 |     5 ||     9
Armor: Robe              |    21 |    23 |    46 |    75 |    11 ||   176
       Leather armour    |       |       |       |       |    75 ||    75
Dodge: Dodged            |    61 |    55 |   155 |   130 |   125 ||   526
       Rpst.: Long sword |       |       |    15 |    32 |    28 ||    75

Table legend:
 A = Spawn XP
 B = Non-spawn XP
 C = Spawn XP percentage of total XP
 D = Spawn monster count
 E = Non-spawn monster count
 F = Spawn count percentage of total count
 G = Total turns spent on level
                    A         B        C        D         E        F      G
               +---------+---------+-------+---------+---------+-------+---------
         Total |       0 |   98505 |   0.0 |       0 |     663 |   0.0 | 32607
               +---------+---------+-------+---------+---------+-------+---------
           D:1 |       0 |      36 |   0.0 |       0 |      20 |   0.0 |  1063
           D:2 |       0 |      82 |   0.0 |       0 |      26 |   0.0 |  1257
           D:3 |       0 |     124 |   0.0 |       0 |      40 |   0.0 |  1296
           D:4 |       0 |     414 |   0.0 |       0 |      23 |   0.0 |  1559
           D:5 |       0 |    1517 |   0.0 |       0 |      23 |   0.0 |   858
           D:6 |       0 |     791 |   0.0 |       0 |      30 |   0.0 |  1133
           D:7 |       0 |     804 |   0.0 |       0 |      22 |   0.0 |   743
           D:8 |       0 |     887 |   0.0 |       0 |      20 |   0.0 |  1447
           D:9 |       0 |    4488 |   0.0 |       0 |      48 |   0.0 |  1366
          D:10 |       0 |    1788 |   0.0 |       0 |      17 |   0.0 |  1068
          D:11 |       0 |    3834 |   0.0 |       0 |      33 |   0.0 |  1549
        Lair:1 |       0 |    7395 |   0.0 |       0 |      25 |   0.0 |  2322
        Lair:2 |       0 |    3936 |   0.0 |       0 |      18 |   0.0 |  1792
        Lair:3 |       0 |    3651 |   0.0 |       0 |      15 |   0.0 |  1275
        Lair:4 |       0 |   10261 |   0.0 |       0 |      29 |   0.0 |  2006
        Lair:5 |       0 |    6717 |   0.0 |       0 |      20 |   0.0 |  1464
        Lair:6 |       0 |   19785 |   0.0 |       0 |      86 |   0.0 |  2698
       Swamp:1 |       0 |    9309 |   0.0 |       0 |      22 |   0.0 |   662
         Orc:1 |       0 |    3139 |   0.0 |       0 |      17 |   0.0 |   570
         Orc:2 |       0 |   14480 |   0.0 |       0 |      82 |   0.0 |  4468
         Sewer |       0 |     332 |   0.0 |       0 |      24 |   0.0 |   506
       Ossuary |       0 |     238 |   0.0 |       0 |      16 |   0.0 |   741
       Volcano |       0 |    4497 |   0.0 |       0 |       7 |   0.0 |   652
               +---------+---------+-------+---------+---------+-------+---------
